 Dungeon Crawl Stone Soup version 0.31-a0-810-ga77100ea1a (webtiles) character file.

Game seed: 5127248094698500905

2 GloriousHammer the Sneak (level 1, -1/10 HPs)
             Began as a Kobold Enchanter on Sept 21, 2023.
             Frozen to death by an endoplasm (3 damage)
             ... on level 1 of the Dungeon.
             The game lasted 00:01:07 (543 turns).

GloriousHammer the Sneak (Kobold Enchanter)          Turns: 543, Time: 00:01:08

Health: -1/10      AC:  2    Str:  5    XL:     1   Next: 44%
Magic:  3/3        EV: 15    Int: 16    God:
Gold:   36         SH:  0    Dex: 15    Spells: 4/4 levels left

rFire   . . .        a - +1 dagger
rCold   . . .        (no shield)
rNeg    . . .        b - +0 robe
rPois   .            (no helmet)
rElec   .            (no cloak)
rCorr   .            (no gloves)
SInv    .            (no boots)
Will    .....        (no amulet)
Stlth   ++           (no ring)
HPRegen 0.21/turn    (no ring)
MPRegen 0.08/turn

%: no passive effects
@: very slow
A: small, no large weapons, nightstalker 3
a: no special abilities


You were on level 1 of the Dungeon.
You visited 1 branch of the dungeon, and saw 1 of its levels.

You collected 48 gold pieces.
You spent 12 gold pieces at shops.

Inventory:

Hand Weapons
 a - a +1 dagger (weapon)
Missiles
 h - 2 poisoned darts
Armour
 b - a +0 robe (worn)
Scrolls
 f - a scroll of fog {unknown}
 g - a scroll of blinking {unknown}
Potions
 c - 2 potions of invisibility
 d - 2 potions of curing {unknown}
 e - a potion of cancellation {unknown}


   Skills:
 + Level 1.7 Short Blades
 - Level 2.4 Dodging
 + Level 4.1 Stealth
 - Level 2.1 Spellcasting
 - Level 3.0 Hexes


You had 4 spell levels left.
You didn't know any spells.
Your spell library contained the following spells:

 Spells                   Type           Power      Damage    Failure   Level
 Ensorcelled Hibernation  Hex/Ice        12%        N/A       17%         2
 Confusing Touch          Hex            11%        N/A       19%         3
 Tukima's Dance           Hex            11%        N/A       19%         3
 Dazzling Flash           Conj/Hex       12%        N/A       32%         3


Dungeon Overview and Level Annotations

Branches:
Dungeon (1/15)

Altars:

Shops:
D:1 *[[


Innate Abilities, Weirdness & Mutations

You are small and have problems with some larger weapons.
You are completely attuned to the shadows.


Message History

There is an open door here.
You open the door.
There is an open door here.
A giant cockroach comes into view.
You see here an inky potion.
A giant cockroach is nearby!
The giant cockroach completely misses you.
You hit the giant cockroach but do no damage.
The giant cockroach bites you but does no damage.
You barely miss the giant cockroach.
You punch the giant cockroach, but do no damage.
The giant cockroach barely misses you.
You barely miss the giant cockroach. The giant cockroach bites you.
You closely miss the giant cockroach. The giant cockroach misses you.
You hit the giant cockroach but do no damage.
The giant cockroach bites you.
You barely miss the giant cockroach.
The giant cockroach completely misses you.
You hit the giant cockroach.
The giant cockroach is severely wounded.
The giant cockroach waves its antennae.
The giant cockroach barely misses you. The giant cockroach closely misses you.
You hit the giant cockroach.
You kill the giant cockroach!
You see here a giant cockroach corpse.
e - an inky potion HP restored.
You open the door.
There is an open door here.
As you open the door, it creaks loudly!
There is an open door here.
You open the door.
There is an open door here.
You open the door.
There is an open door here.
You open the door.
There is an open door here.
You open the door.
There is an open door here.
You open the door.
There is an open door here.
d - 2 golden potions (gained 1)
Found a stone staircase leading down.
Found a ring mail.
You see here a +0 ring mail.
f - a scroll labelled TORGHI LUIDIED
There is a stone staircase leading down here.
You open the door.
There is an open door here.
You open the door.
There is an open door here.
g - a scroll labelled KUCLEYREPE You open the door.
There is an open door here.
You open the door.
There is an open door here.
A rat comes into view.
A rat is nearby!
The rat bites you but does no damage.
You hit the rat but do no damage. The rat bites you.
You hit the rat.
You kill the rat!
Found Punleyr's Armour Boutique.
Found a robe.
There is an entrance to Punleyr's Armour Boutique here.
You can access your shopping list by pressing '$'.
You now have 48 gold pieces (gained 4).
Found Ceerresh's General Store.
There is an entrance to Ceerresh's General Store here.
h - 2 poisoned darts Thank you for shopping at Ceerresh's General Store!
You can access your shopping list by pressing '$'.
There are no items here.
A bat comes into view.
A bat is nearby!
The helpless bat fails to defend itself.
You puncture the bat!
You kill the bat!
An endoplasm comes into view.
An endoplasm is nearby!
You enter the shallow water.
Moving in this stuff is going to be slow.
Found a faded altar of an unknown god.
The endoplasm quivers.
Your unstable footing causes you to fumble your attack.
Your unstable footing causes you to fumble your attack.
The endoplasm freezes you.
You are frozen.
Your unstable footing causes you to fumble your attack.
The endoplasm freezes you.
You are frozen.
Your unstable footing causes you to fumble your attack.
The endoplasm freezes you.
You are frozen.
Ouch! That really hurt!
* * * LOW HITPOINT WARNING * * *
You hit the endoplasm but do no damage. The endoplasm freezes you.
You are frozen.
You die...

.....##...#
#..8....+###
.##..##...#
#......##..#
#.......#
#....#####.#
........#
#....#...#..
.......#
#...##.#.###
....~..#
#..'#..#....
~..~...#
#..#..######
~≈~~~~.#
#.#####...##
≈≈≈≈@.~#
#.#...#.#.##
~~~J~~.#
#.#.#.#.#.##
.~≈≈~~~#
#.'.#.#.#..'
_.~~≈..#
#.###.#.####
~.~~≈~~# #.#
#...# ##
#.#########.
#..#........
#..'##.####.
#...##.#####


You could see an endoplasm.

Vanquished Creatures
  A giant cockroach (D:1)
  A bat (D:1)
  A rat (D:1)
3 creatures vanquished.

Notes
Turn   | Place    | Note
-------+----------+-------------------------------------------
     0 | D:1      | GloriousHammer the Kobold Enchanter began the quest for the
                  | Orb.
     0 | D:1      | Reached XP level 1. HP: 10/10 MP: 3/3
    99 | D:1      | Found Piutid's Antique Armour Shoppe.
   506 | D:1      | Found Punleyr's Armour Boutique.
   520 | D:1      | Found Ceerresh's General Store.
   525 | D:1      | Bought 2 poisoned darts for 12 gold pieces
   537 | D:1      | Found a faded altar of an unknown god.
   543 | D:1      | Frozen to death by an endoplasm

Illustrated notes

Levels and vault maps discovered:
D:1:      nicolae_arrival_somewhat_less_tricky_arrival, layout_basic,
          serial_shops, shop, shop, nicolae_square_shop,
          chequers_ecumenical_altar_island, minmay_tall_x

Action                     || total
---------------------------++-------
  Melee: Dagger            ||    16
         Punch             ||     1
   Stab: Sleeping          ||     1
 Armour: Robe              ||     5
  Dodge: Dodged            ||     6

Table legend: (Time is in decaauts)
 A = Elapsed time spent in this place.
 B = Non-inter-level travel time spent in this place.
 C = Inter-level travel time spent in this place.
 D = Time resting spent in this place.
 E = Time spent auto-exploring this place.
 F = Levels seen in this place.
 G = Mean time per level.
                   A        B        C        D        E       F      G
               +--------+--------+--------+--------+--------+-----+--------+
         Total |    542 |    542 |      0 |      0 |    497 |   1 |  542.0 |
       Dungeon |    542 |    542 |      0 |      0 |    497 |   1 |  542.0 |
               +--------+--------+--------+--------+--------+-----+--------+

Top non-repeatable levels by time:
     D:1: 542 daAuts
